 Dungeon Crawl Stone Soup version 0.31.0-32-g396128a36d (webtiles) character file.

Game seed: 4755054662252243946

517 AdnanSaban the Covered (level 7, -6/44 HPs)
             Began as a Gargoyle Fighter on Apr 18, 2024.
             Mangled by a hornet (10 damage)
             ... on level 5 of the Dungeon.
             The game lasted 00:03:42 (4010 turns).

AdnanSaban the Covered (Gargoyle Fighter)           Turns: 4010, Time: 00:03:42

Health: -6/44      AC: 12    Str: 22    XL:     7   Next: 20%
Magic:  7/7        EV:  9    Int:  8    God:
Gold:   175        SH:  9    Dex: 15    Spells: 6/6 levels left

rFire   . . .        e - +2 whip (flame)
rCold   + . .        t - +0 kite shield
rNeg    + . .        b - +0 scale mail
rPois   ∞            (no helmet)
rElec   +            (no cloak)
rCorr   .            (no gloves)
SInv    .            (no boots)
Will    .....        y - amulet of regeneration
Stlth   x              - ring of protection from cold
HPRegen 1.07/turn    z - +6 ring of dexterity
MPRegen 0.10/turn

%: no passive effects
@: no status effects
A: sickness immunity, AC +4, negative energy resistance 1, electricity
resistance, torment resistance 1, petrification resistance
a: no special abilities


You were on level 5 of the Dungeon.
You visited 1 branch of the dungeon, and saw 5 of its levels.

You collected 175 gold pieces.

Inventory:

Hand Weapons
 e - a +2 whip of flaming (weapon)
Missiles
 l - 4 poisoned darts (quivered)
Armour
 b - a +0 scale mail (worn)
 t - a +0 kite shield (worn)
Jewellery
 x - a ring of protection from cold (left hand)
 y - an amulet of regeneration (around neck)
 z - a +6 ring of dexterity (right hand)
 B - a ring of positive energy
Scrolls
 a - 5 scrolls of identify {unknown}
 f - 2 scrolls of brand weapon {unknown}
 j - 3 scrolls of teleportation {unknown}
 k - 2 scrolls of vulnerability {unknown}
 m - a scroll of fog {unknown}
 n - a scroll of amnesia {unknown}
 o - a scroll of enchant weapon {unknown}
 p - a scroll of silence {unknown}
 q - a scroll of torment {unknown}
 v - a scroll of immolation {unknown}
Potions
 c - 2 potions of enlightenment {unknown}
 d - a potion of might
 g - a potion of degeneration {unknown}
 h - a potion of magic {unknown}
 i - 3 potions of brilliance {unknown}
 r - a potion of haste {unknown}
 s - a potion of curing {unknown}
 u - 5 potions of heal wounds {unknown}
 w - a potion of lignification {unknown}
 A - a potion of attraction {unknown}


   Skills:
 + Level 4.5 Fighting
 + Level 4.6 Maces & Flails
 + Level 5.2 Armour
 + Level 1.4 Dodging
 + Level 0.2 Stealth
 + Level 4.5 Shields


You had 6 spell levels left.
You didn't know any spells.
Your spell library contained the following spells:

 Spells                   Type           Power      Damage    Failure   Level
 Ensorcelled Hibernation  Hex/Ice        0%         N/A       98%         2
 Mercury Vapours          Alch/Air       0%         N/A       98%         2
 Mephitic Cloud           Conj/Alch/Air  0%         N/A       100%        3
 Passwall                 Erth           0%         N/A       100%        3
 Swiftness                Air            0%         N/A       100%        3
 Freezing Cloud           Conj/Ice/Air   0%         6-21      100%        5


Dungeon Overview and Level Annotations

Branches:
Dungeon (5/15)
 Temple: D:4-7

Altars:
Fedhas
Gozag
Ru
Zin


Innate Abilities, Weirdness & Mutations

You are immune to sickness and miasma.
Your stone body is resilient. (AC +4)
You are immune to poison.
You resist negative energy. (rN+)
You are resistant to electric shocks. (rElec)
You are resistant to unholy torment.
You are immune to petrification.


Message History

The hornet stings you but does no damage.
You block the hornet's attack. You block the hornet's attack.
The hornet attacks as it pursues you! You block the hornet's attack.
The hornet stings you.
You completely miss the hornet.
The hornet stings you but does no damage.
You block the hornet's attack.
You hit the hornet. You burn the hornet.
The hornet is lightly wounded.
You block the hornet's attack.
You hit the hornet but do no damage.
The hornet is lightly wounded.
The hornet stings you but does no damage.
The hornet closely misses you.
You barely miss the hornet.
The hornet is lightly wounded.
The hornet closely misses you.
You hit the hornet but do no damage.
The hornet is lightly wounded.
You block the hornet's attack.
The hornet stings you but does no damage.
You hit the hornet. You burn the hornet.
The hornet is moderately wounded.
The hornet stings you!
You miss the hornet.
The hornet is moderately wounded.
The hornet stings you but does no damage.
The hornet stings you!
You are too injured to fight recklessly!
You hit the hornet but do no damage.
The hornet is moderately wounded.
The hornet stings you.
* * * LOW HITPOINT WARNING * * *
You closely miss the hornet.
The hornet is moderately wounded.
The hornet stings you!
* * * LOW HITPOINT WARNING * * *
The hornet stings you!
You die...

###.# ####### ##### #.#
......# ....##### #.#
).$...# #####.....# #.#
......###.........###'##
.......................#
#.............#+##.....#
#........######.##.....#
##.......# #.@yW.#'##
#..###### #######.#.#
##.# #.......#.#


w.w #......<#.# (... ........#.# .#+#.(..#+# #.##.. #. #.. .. #... You could see
a hornet and a phantom.

Vanquished Creatures
  An ogre (D:4)
  A phantom (D:4)
  A scorpion (D:3)
  2 orc priests
  Natasha (thrice) (D:2)
  2 gnolls (D:1)
  4 adders
  A dart slug (D:4)
  2 ribbon worms (D:2)
  9 orcs
  3 bats
  9 endoplasms
  4 giant cockroaches
  9 goblins
  4 hobgoblins
  8 jackals (D:2)
  7 kobolds
  3 quokkas
  5 ball pythons
  2 frilled lizards (D:1)
  23 rats
103 creatures vanquished.

Notes
Turn   | Place    | Note
-------+----------+-------------------------------------------
     0 | D:1      | AdnanSaban the Gargoyle Fighter began the quest for the
                  | Orb.
     0 | D:1      | Reached XP level 1. HP: 14/14 MP: 1/1
   190 | D:1      | Reached XP level 2. HP: 15/19 MP: 2/2
   487 | D:1      | Reached XP level 3. HP: 18/23 MP: 3/3
   939 | D:2      | Reached skill level 4 in Armour
  1243 | D:2      | Reached XP level 4. HP: 27/29 MP: 4/4
  1269 | D:2      | Noticed Natasha
  1276 | D:2      | Killed Natasha
  1460 | D:2      | Noticed Natasha
  1589 | D:2      | Killed Natasha
  1590 | D:2      | Reached XP level 5. HP: 9/33 MP: 5/5
  1813 | D:2      | You fall into a shaft and drop 2 floors!
  1908 | D:2      | Found a glowing silver altar of Zin.
  2074 | D:2      | Noticed Natasha
  2082 | D:2      | Killed Natasha
  2292 | D:3      | Found a blossoming altar of Fedhas.
  2305 | D:3      | Reached skill level 1 in Dodging
  2305 | D:3      | Reached XP level 6. HP: 33/39 MP: 6/6
  2655 | D:3      | Found an opulent altar of Gozag.
  2669 | D:3      | Found a sacrificial altar of Ru.
  2738 | D:3      | Found a faded altar of an unknown god.
  3348 | D:4      | Reached skill level 5 in Armour
  3435 | D:4      | Reached XP level 7. HP: 31/44 MP: 7/7
  3901 | D:5      | Entered Level 5 of the Dungeon
  3977 | D:5      | Noticed a hornet
  4010 | D:5      | Mangled by a hornet

Illustrated notes

Levels and vault maps discovered:
D:1:      eino_arrival_druids_welcome, layout_basic
D:2:      layout_basic, basic_altar, minmay_rat_hole, uniq_natasha
D:3:      layout_basic, mainiacjoe_overflow_concentric_impassable,
          amethyst_overflow_temple_binary, shapermc_ecumenical_altar_venn
D:4:      layout_loops_cross
D:5:      layout_basic, kennysheep_vampire_church,
          minmay_temple_entry_drinking_statues, serial_shops,
          nicolae_shop_just_a_little_nook

Skill      XL: |  1  2  3  4  5  6 |
---------------+-------------------+-----
Armour         | 4 5 |  5.2
Fighting       | 4 |  4.5
Maces & Flails | 3 4 |  4.6
Shields        | 4 |  4.5
Dodging        | 1 |  1.4
Stealth        | |  0.2

Action                     |  1- 3 |  4- 6 |  7- 9 || total
---------------------------+-------+-------+-------++-------
  Melee: Whip              |    92 |   199 |    33 ||   324
         Flail             |     4 |       |       ||     4
 Armour: Scale mail        |    74 |   121 |    32 ||   227
  Dodge: Dodged            |    45 |    53 |    14 ||   112
  Block: Buckler           |    27 |    37 |       ||    64
         Kite shield       |       |    17 |    16 ||    33
